 Dungeon Crawl Stone Soup version 0.23-a0-143-g1adec7b (webtiles) character file.

14 Amnesiac the Vexing (level 2, -1/21 HPs)
             Began as a Mummy Arcane Marksman on Sept 2, 2018.
             Slain by a jackal (2 damage)
             ... on level 1 of the Dungeon.
             The game lasted 00:00:44 (561 turns).

Amnesiac the Vexing (Mummy Arcane Marksman)          Turns: 561, Time: 00:00:44

Health: -1/21      AC:  2    Str: 15    XL:     2   Next: 27%
Magic:  4/4        EV: 12    Int: 15    God:
Gold:   27         SH:  0    Dex: 12    Spells: 3/4 levels left

rFire    x . .     SeeInvis .   b - +0 dagger
rCold    + . .     Gourm    .   (no shield)
rNeg     + + +     Faith    .   e - +0 robe
rPois    ∞         Spirit   .   (no helmet)
rElec    .         Reflect  .   (no cloak)
rCorr    .         Harm     .   (no gloves)
MR       .....                  (no boots)
Stlth    +.........             (no amulet)
HPRegen  0.07/turn              h - +3 ring of intelligence
MPRegen  0.09/turn              i - +2 ring of strength

@: no status effects
A: no food or potions, fire vulnerability, cold resistance 1, negative energy
resistance 3, torment resistance, unbreathing
a: no special abilities


You were on level 1 of the Dungeon.
You were not hungry.

You visited 1 branch of the dungeon, and saw 1 of its levels.

You collected 27 gold pieces.

Inventory:

Hand Weapons
 a - a +0 hand crossbow
 b - a +0 dagger (weapon)
Missiles
 d - 36 bolts
 f - 22 sling bullets
 j - 4 stones (quivered)
Armour
 e - a +0 robe (worn)
Jewellery
 h - a +3 ring of intelligence (left hand)
 i - a +2 ring of strength (right hand)
Scrolls
 c - a scroll of noise {!r, unknown}
 g - a scroll of identify {!r, unknown}
 k - a scroll of teleportation {!r, unknown}


   Skills:
 + Level 1.3 Fighting
 * Level 2.0 Crossbows
 - Level 1.5 Dodging
 - Level 1.5 Spellcasting
 + Level 2.8 Hexes


You had 3 spell levels left.
You knew the following spells:

 Your Spells              Type           Power        Failure   Level  Hunger
a - Corona                Hex            #......      7%          1    N/A

Your spell library contained the following spells:

 Spells                   Type           Power        Failure   Level  Hunger
 Slow                     Hex            #.......     11%         2    N/A
 Inner Flame              Hex/Fire       #.......     36%         3    N/A
 Portal Projectile        Hex/Tloc       #.....       36%         3    N/A
 Cause Fear               Hex            #.........   56%         4    N/A
 Leda's Liquefaction      Hex/Erth       #.........   78%         4    N/A

Dungeon Overview and Level Annotations

Branches:
Dungeon (1/15)

Altars:


Innate Abilities, Weirdness & Mutations

You do not eat or drink.
Your flesh is vulnerable to fire.
You are immune to poison.
Your flesh is cold resistant. (rC+)
You are immune to negative energy. (rN+++)
You are immune to unholy pain and torment.
You can survive without breathing.


Message History

The bat is severely wounded.
The bat hits you but does no damage. The bat misses you.
A goblin comes into view.
The bat closely misses you. The bat barely misses you. x2
Found a scroll labeled QIPLOIHELU.
You hit the bat.
You kill the bat!
Your Crossbows skill increases to level 2!
The bat barely misses you.
You closely miss the bat.
The bat is moderately wounded.
The bat hits you but does no damage. The bat hits you.
The bat hits you but does no damage. The bat barely misses you.
A jackal comes into view.
The goblin shouts!
The bat hits you but does no damage.
Found a stone staircase leading down.
The bat hits you but does no damage.
You hit the bat.
The bat is severely wounded.
The bat hits you. The bat misses you.
You hit the bat.
You kill the bat!
The goblin hits you.
The jackal pauses to sniff the ground.
You closely miss the goblin. The goblin closely misses you.
You barely miss the goblin. The goblin hits you.
* * * LOW HITPOINT WARNING * * *
You hit the goblin.
The goblin is heavily wounded.
The goblin barely misses you.
You hit the goblin.
You kill the goblin!
The jackal completely misses you. The jackal closely misses you.
A jackal comes into view.
The jackal barks!
You hit the jackal.
The jackal is moderately wounded.
The jackal misses you.
You closely miss the jackal.
The jackal is moderately wounded.
The jackal barely misses you. The jackal completely misses you.
You hit the jackal but do no damage.
The jackal is moderately wounded.
The jackal barely misses you. The jackal bites you.
* * * LOW HITPOINT WARNING * * *
The jackal closely misses you.
You closely miss the jackal.
The jackal is moderately wounded.
The jackal bites you.
* * * LOW HITPOINT WARNING * * *
The jackal barely misses you.
You closely miss the jackal.
The jackal is moderately wounded.
The jackal barely misses you. The jackal bites you.
* * * LOW HITPOINT WARNING * * *
The jackal barely misses you. The jackal bites you.
* * * LOW HITPOINT WARNING * * *
The jackal bites you.
* * * LOW HITPOINT WARNING * * *
The jackal bites you.
You die...

....................#......#
#+##................#.###..#
#.....#.....?.....# #....#
#+###.............# #.#.## .
+.†...†....>..# #.#.#
....##.............#.#.#.#
.?...................#.#.#
.........†.##h########.#.#
.....#.....%..h@.........#
.....#....###.########.###
.....#.##.# #.# #.# .... #.
... ..# #.# .## #.#...#..#
#.# #.....#..# #.# ...# #.#
... #.# #.#######


You could see 2 jackals.

Vanquished Creatures
  A dart slug (D:1)
  A leopard gecko (D:1)
  A giant cockroach (D:1)
  A goblin (D:1)
  4 bats (D:1)
  2 frilled lizards (D:1)
  A kobold (D:1)
11 creatures vanquished.

Notes
Turn   | Place    | Note
-------+----------+-------------------------------------------
     0 | D:1      | Amnesiac the Mummy Arcane Marksman began the quest for the
                  | Orb.
     0 | D:1      | Reached XP level 1. HP: 15/15 MP: 2/2
   510 | D:1      | Reached XP level 2. HP: 18/21 MP: 4/4
   558 | D:1      | HP: 1/21 [jackal (1)]
   561 | D:1      | Slain by a jackal

Vault maps used:
D:1:      dpeg_arrival_refuge

Skill      XL: |  1  2 |
---------------+-------+-----
Crossbows      | 2 |  2.0
Fighting       | |  1.3
Dodging        | |  1.5
Spellcasting   | |  1.5
Hexes          | |  2.8

Action                   || total
-------------------------++-------
Melee: Dagger            ||    42
 Fire: Hand crossbow     ||     6
 Cast: Corona            ||     1
Armor: Robe              ||    14
Dodge: Dodged            ||    48

Table legend:
 A = Non-vault XP
 B = Vault XP
 C = Vault XP percentage of total XP
 D = Non-vault monster count
 E = Vault monster count
 F = Vault count percentage of total count
                 A         B        C        D         E       F
            +---------+---------+-------+---------+---------+-------
      Total |      20 |       0 |   0.0 |      11 |       0 |   0.0
            +---------+---------+-------+---------+---------+-------
        D:1 |      20 |       0 |   0.0 |      11 |       0 |   0.0
            +---------+---------+-------+---------+---------+-------
